 Dungeon Crawl Stone Soup version 0.24-a0-520-g8fd06ad0bc (webtiles) character file.

Game seed: 9412010048341109683

3026 CoolPlay the Cleaver (level 9, 72/75 HPs)
             Began as a Minotaur Wizard on July 26, 2019.
             Was a Believer of Makhleb.
             Quit the game on level 1 of the Lair of Beasts.
             The game lasted 00:24:07 (8746 turns).

CoolPlay the Cleaver (Minotaur Wizard)              Turns: 8746, Time: 00:24:07

Health: 72/75      AC: 10    Str: 17    XL:     9   Next: 55%
Magic:  11/11      EV:  9    Int: 15    God:    Makhleb [**....]
Gold:   449        SH: 10    Dex: 11    Spells: 11/12 levels left

rFire    . . .     SeeInvis .   a - +4 war axe "Vusefroc" {drain, rC+ rN+ MR+}
rCold    + + .     Gourm    .   s - +0 shield
rNeg     + + .     Faith    .   K - +2 ring mail {rPois}
rPois    +         Spirit   .   u - +0 hat
rElec    .         Reflect  .   (no cloak)
rCorr    .         Harm     .   G - +2 pair of gloves
MR       +....                  (no boots)
Stlth    +.........             (no amulet)
HPRegen  0.22/turn              c - ring of protection from cold
MPRegen  0.12/turn              L - ring of positive energy

@: hasted, very quick
A: retaliatory headbutt, horns 2, agile 1, strong 1
a: Minor Destruction, Renounce Religion


You were on level 1 of the Lair of Beasts.
You worshipped Makhleb.
Makhleb was pleased with you.
You were not hungry.

You visited 3 branches of the dungeon, and saw 11 of its levels.

You collected 449 gold pieces.

Inventory:

Hand Weapons
 a - the +4 war axe "Vusefroc" (weapon) {drain, rC+ rN+ MR+}
   (You found it on level 5 of the Dungeon)

   A truly terrible weapon, it drains the life of those it strikes.
   It protects you from cold.
   It protects you from negative energy.
   It affects your resistance to hostile enchantments.
 b - a +0 hunting sling
 n - a +1 dagger of venom
 p - a +1 flail of holy wrath
 S - a +0 trident of venom
Missiles
 y - 15 poisoned darts (quivered)
 M - 2 sling bullets
Armour
 k - a +0 leather armour of magic resistance
 s - a +0 shield (worn)
 u - a +0 hat (worn)
 D - a +0 scale mail
 G - a +2 pair of gloves (worn)
 J - the +0 ring mail of Peek-a-Boo {+Blink MR- Slay+3}
   (You found it on level 5 of the Dungeon)

   It affects your accuracy and damage with ranged weapons and melee attacks
   (+3).
   It affects your resistance to hostile enchantments.
   It lets you blink.
 K - a +2 ring mail of poison resistance (worn)
Jewellery
 c - a ring of protection from cold (left hand)
 j - an uncursed ring of poison resistance
 L - a ring of positive energy (right hand)
 R - an uncursed ring of positive energy
Wands
 e - a wand of random effects (21)
 f - a wand of acid (8)
 v - a wand of polymorph (6)
 H - a wand of disintegration (11)
 U - a wand of flame (11)
Scrolls
 g - 4 scrolls of teleportation
 l - a scroll of random uselessness
 w - a scroll of amnesia {unknown}
 B - 2 scrolls of blinking {unknown}
 E - a scroll of remove curse
 I - a scroll of magic mapping {unknown}
 O - a scroll of identify
 P - a scroll of enchant weapon
 Q - a scroll of brand weapon {unknown}
Potions
 h - a potion of heal wounds
 i - 2 potions of resistance
 m - 2 potions of mutation
 o - a potion of lignification
 r - a potion of brilliance
 t - 2 potions of curing {unknown}
 x - a potion of cancellation
 z - a potion of ambrosia {unknown}
 A - a potion of degeneration {unknown}
 C - a potion of flight {unknown}
 F - a potion of agility
 N - a potion of magic {unknown}
Comestibles
 d - 11 rations
 T - a chunk of flesh


   Skills:
 - Level 6.3 Fighting
 - Level 5.6 Short Blades
 + Level 9.7 Axes
 - Level 4.0 Slings
 - Level 2.1 Dodging
 - Level 1.5 Stealth
 - Level 7.2 Shields
 - Level 2.1 Spellcasting
 - Level 0.6 Conjurations
   Level 0.6 Summonings
   Level 0.6 Translocations


You had 11 spell levels left.
You knew the following spells:

 Your Spells              Type           Power        Failure   Level  Hunger
a - Magic Dart            Conj           #...         65%         1    #......

Your spell library contained the following spells:

 Spells                   Type           Power        Failure   Level  Hunger
 Flame Tongue             Conj/Fire      #....        69%         1    #......
 Blink                    Tloc           N/A          80%         2    ###....
 Call Imp                 Summ           #.......     80%         2    ###....
 Throw Flame              Conj/Fire      #.....       83%         2    ###....
 Slow                     Hex            #.......     86%         2    ###....
 Conjure Flame            Conj/Fire      #.......     96%         3    ###....
 Mephitic Cloud           Conj/Pois/Air  #.......     97%         3    ###....
 Inner Flame              Hex/Fire       #.......     98%         3    ###....
 Sticky Flame             Conj/Fire      #.......     100%        4    #####..
 Fireball                 Conj/Fire      #.........   100%        5    ######.


Dungeon Overview and Level Annotations

Branches:
Dungeon (9/15)             Temple (1/1) D:4            Lair (1/6) D:9
    Orc: D:9-12

Altars:
Elyvilon
Hepliaklqana
Makhleb
Nemelex Xobeh
Okawaru
Ru
Sif Muna
Trog
Xom

Annotations:
D:5 exclusions: door and 1 more exclusion, Grinder, Sigmund


Innate Abilities, Weirdness & Mutations

You reflexively headbutt those who attack you in melee.
You have a pair of horns on your head.
You are agile. (Dex +2)
Your muscles are strong. (Str +2)


Message History

You closely miss the adder. You hit the bullfrog.
The bullfrog hits you but does no damage.
The adder barely misses you. You furiously retaliate!
You headbutt the adder. You slash the bullfrog! You hit the adder.
You kill the adder!
Makhleb accepts your kill.
The bullfrog hits you but does no damage.
You hit the bullfrog. Your headbutt misses the bullfrog.
You block the bullfrog's attack.
You closely miss the bullfrog. You headbutt the bullfrog.
You kill the bullfrog!
Makhleb accepts your kill.
p - a +1 flail of holy wrath
Things that are here:
a +0 leather armour; an orc corpse
There is a staircase to the Lair here.
You climb downwards.
Welcome to the Lair of Beasts!
A porcupine comes into view.
Found a scroll labeled ZITAETO HISO.
There is a staircase back to the Dungeon here.

.####....
.........
.r.......
.......#
#P....#
..#P....####
...........#
.......@..#
..........#
.............
.............#
.............#
...........#.#
..........##...
.......?..# #.


You could see a porcupine.

Vanquished Creatures
  Eustachio (D:4)
  Menkaure (D:6)
  Duvessa (D:6)
  3 ice beasts
  2 sky beasts (D:8)
  A phantom (D:5)
  3 centaurs
  3 ogres
  4 big kobolds (D:5)
  A bullfrog (D:9)
  Dowan (D:6)
  A scorpion (D:5)
  4 howler monkeys (D:8)
  A crimson imp (D:8)
  2 bullfrog zombies
  2 hounds
  A jelly (D:5)
  3 orc priests
  8 orc wizards
  2 iguanas (D:8)
  Ijyb (D:4)
  5 worker ants
  2 hound skeletons
  A worker ant zombie (D:5)
  4 gnolls (D:2)
  A howler monkey skeleton (D:7)
  12 adders
  3 shadow imps
  2 oozes
  An adder skeleton (D:2)
  3 worms
  3 dart slugs
  4 leopard geckos
  27 orcs
  6 giant cockroaches
  8 hobgoblins
  3 jackals
  2 quokkas
  2 ball pythons (D:1)
  10 bats
  7 frilled lizards
  13 goblins
  A jackal zombie (D:7)
  10 kobolds
  2 leopard gecko skeletons
  A quokka zombie (D:8)
  11 rats
190 creatures vanquished.

Vanquished Creatures (others)
  9 toadstools (D:5)
9 creatures vanquished.

Grand Total: 199 creatures vanquished

Notes
Turn   | Place    | Note
-------+----------+-------------------------------------------
     0 | D:1      | CoolPlay the Minotaur Wizard began the quest for the Orb.
     0 | D:1      | Reached XP level 1. HP: 14/14 MP: 2/2
    21 | D:1      | Reached skill level 1 in Fighting
   198 | D:1      | Reached XP level 2. HP: 24/24 MP: 0/4
   781 | D:1      | Reached skill level 1 in Short Blades
   884 | D:1      | Reached XP level 3. HP: 27/30 MP: 5/5
  1670 | D:2      | Reached XP level 4. HP: 35/38 MP: 2/6
  1974 | D:2      | Reached skill level 1 in Shields
  2145 | D:2      | Reached XP level 5. HP: 34/46 MP: 7/7
  3462 | D:3      | Found a burning altar of Makhleb.
  3626 | D:3      | Became a worshipper of Makhleb the Destroyer
  3674 | D:4      | Noticed Ijyb
  3911 | D:4      | Found a staircase to the Ecumenical Temple.
  3925 | Temple   | Entered the Ecumenical Temple
  4177 | Temple   | Reached XP level 6. HP: 52/52 MP: 8/8
  4210 | Temple   | Gained mutation: You are agile. (Dex +2) [potion of
                  | mutation]
  4210 | Temple   | Gained mutation: Your muscles are strong. (Str +2) [potion
                  | of mutation]
  4228 | D:4      | Reached skill level 1 in Slings
  4231 | D:4      | Killed Ijyb
  4362 | D:4      | Found a sparkling altar of Nemelex Xobeh.
  4408 | D:4      | Noticed Eustachio
  4435 | D:4      | Killed Eustachio
  4435 | D:4      | Reached XP level 7. HP: 60/60 MP: 9/9
  4585 | D:4      | Reached skill level 5 in Fighting
  4585 | D:4      | Reached skill level 5 in Shields
  4793 | D:5      | Entered Level 5 of the Dungeon
  4861 | D:5      | Reached * piety under Makhleb
  5093 | D:5      | Noticed Sigmund
  5427 | D:5      | Reached skill level 5 in Short Blades
  5456 | D:5      | Reached XP level 8. HP: 51/70 MP: 10/10
  5613 | D:5      | Noticed a slime creature
  5890 | D:5      | Got a faintly glowing war axe
  5902 | D:5      | Found an iron altar of Okawaru.
  5903 | D:5      | Identified the +4 war axe "Vusefroc" {drain, rC+ rN+ MR+}
                  | (You found it on level 5 of the Dungeon)
  6056 | D:5      | Reached skill level 1 in Axes
  6210 | D:5      | Reached skill level 2 in Axes
  6226 | D:5      | Got a steaming ring mail
  6230 | D:5      | Noticed Grinder
  6395 | D:5      | Identified the +0 ring mail of Peek-a-Boo {+Blink MR-
                  | Slay+3} (You found it on level 5 of the Dungeon)
  6455 | D:6      | Reached skill level 3 in Axes
  6549 | D:6      | Reached skill level 4 in Axes
  6762 | D:6      | Reached skill level 5 in Axes
  6764 | D:6      | Reached ** piety under Makhleb
  6780 | D:6      | Noticed Menkaure
  6783 | D:6      | Killed Menkaure
  6872 | D:6      | Noticed Duvessa
  6872 | D:6      | Noticed Dowan
  6878 | D:6      | Killed Duvessa
  6878 | D:6      | Reached skill level 6 in Axes
  6878 | D:6      | Reached XP level 9. HP: 75/75 MP: 11/11
  6879 | D:6      | Killed Dowan
  6930 | D:6      | Found a sand-covered staircase.
  7949 | D:8      | Identified a scroll of acquirement
  8086 | D:8      | Reached skill level 7 in Axes
  8153 | D:8      | Reached skill level 8 in Axes
  8350 | D:8      | Reached skill level 9 in Axes
  8644 | D:8      | Found a deep blue altar of Sif Muna.
  8644 | D:8      | Found a bloodstained altar of Trog.
  8726 | D:9      | Found a staircase to the Lair.
  8745 | Lair:1   | Entered Level 1 of the Lair of Beasts
  8746 | Lair:1   | Quit the game

Levels and vault maps discovered:
D:1:      minmay_arrival_up_and_down, layout_basic, minmay_quantized
D:2:      layout_loops_ring, first_ration
D:3:      layout_basic, old_standard_altar
D:4:      layout_basic, overflow_temple_1_default,
          minmay_temple_entry_offerings, minmay_vboxes, uniq_eustachio,
          uniq_ijyb
D:5:      cheibrodos_fertilizer, layout_basic, kennysheep_mini, basic_altar,
          uniq_sigmund, uniq_grinder
D:6:      layout_loops_ring, chequers_ossuary_entry_cave, uniq_menkaure,
          uniq_duvessa
D:7:      layout_loops_corners
D:8:      layout_basic, gammafunk_temple_overflow_elements
D:9:      layout_irregular_city, vehumet_crystals, lair_entry_dummy, erik_orc_4,
          david_defended_altar_elf, uniq_erica
Temple:   eino_temple_rhombus
Lair:1:   beast_lair_carwin_large_3, layout_gridlike, serial_bayou_pond_c,
          st_stairs_7, infiniplex_staircase_pool

Skill      XL: |  1  2  3  4  5  6  7  8  9 |
---------------+----------------------------+-----
Fighting       | 2 3 4 5 6 |  6.3
Short Blades   | 1 2 3 4 5 |  5.6
Shields        | 1 3 4 6 7 |  7.2
Slings         | 1 3 4 |  4.0
Axes           | 6 9 |  9.7
Dodging        | |  2.1
Stealth        | |  1.5
Spellcasting   | |  2.1
Conjurations   | |  0.6
Summonings     | |  0.6
Translocations | |  0.6

Action                   |  1- 3 |  4- 6 |  7- 9 || total
-------------------------+-------+-------+-------++-------
Melee: Club              |    17 |       |       ||    17
       Unarmed           |     7 |       |       ||     7
       Headbutt          |     5 |    32 |    59 ||    96
       Dagger            |    77 |   159 |   232 ||   468
       War axe           |       |       |    98 ||    98
 Fire: Hunting sling     |       |    56 |    72 ||   128
Throw: Dart              |       |       |    27 ||    27
 Cast: Magic Dart        |    23 |     2 |       ||    25
Evoke: Wand              |       |       |     4 ||     4
  Use: Scroll            |     1 |     4 |    17 ||    22
       Potion            |       |     3 |     5 ||     8
 Stab: Invisible         |       |     1 |       ||     1
  Eat: Chunk             |     3 |     9 |     3 ||    15
       Ration            |       |       |     3 ||     3
Armor: Robe              |     4 |       |       ||     4
       Ring mail         |    44 |    33 |    38 ||   115
       Scale mail        |       |     7 |    10 ||    17
       Leather armour    |       |       |    24 ||    24
Dodge: Dodged            |    47 |    56 |    86 ||   189
Block: Shield            |       |    59 |   153 ||   212

Table legend:
 A = Non-vault XP
 B = Vault XP
 C = Vault XP percentage of total XP
 D = Non-vault monster count
 E = Vault monster count
 F = Vault count percentage of total count
                 A         B        C        D         E       F
            +---------+---------+-------+---------+---------+-------
      Total |    3015 |    1308 |  30.3 |     164 |      26 |  13.7
            +---------+---------+-------+---------+---------+-------
        D:1 |      49 |       7 |  12.5 |      30 |       4 |  11.8
        D:2 |     162 |       0 |   0.0 |      30 |       0 |   0.0
        D:3 |     115 |       0 |   0.0 |      26 |       0 |   0.0
        D:4 |     147 |     478 |  76.5 |      10 |       8 |  44.4
        D:5 |     821 |     433 |  34.5 |      21 |      11 |  34.4
        D:6 |     378 |     390 |  50.8 |      13 |       3 |  18.8
        D:7 |      62 |       0 |   0.0 |       6 |       0 |   0.0
        D:8 |    1125 |       0 |   0.0 |      19 |       0 |   0.0
        D:9 |     107 |       0 |   0.0 |       5 |       0 |   0.0
     Temple |      49 |       0 |   0.0 |       4 |       0 |   0.0
            +---------+---------+-------+---------+---------+-------
